 Dungeon Crawl Stone Soup version 0.27-a0-577-ge2a43ba0c9 (webtiles) character file.

Game seed: 18113619725332177405

623 HendSelp the Shield-Bearer (level 7, 0/60 HPs)
             Began as a Gnoll Fighter on Mar 9, 2021.
             Was an Initiate of Okawaru.
             Slain by a bullfrog skeleton (5 damage)
             ... on level 5 of the Dungeon.
             The game lasted 00:05:51 (3332 turns).

HendSelp the Shield-Bearer (Gnoll Fighter)          Turns: 3332, Time: 00:05:52

Health: 0/60       AC: 11    Str: 23    XL:     7   Next: 47%
Magic:  10/10      EV:  9    Int:  8    God:    Okawaru [......]
Gold:   178        SH: 11    Dex: 11    Spells: 11/11 levels left

rFire    . . .     SeeInvis .   a - +2 long sword
rCold    . . .     Faith    .   c - +0 kite shield
rNeg     . . .     Spirit   .   b - +0 scale mail
rPois    .         Reflect  .   (no helmet)
rElec    .         Harm     .   (no cloak)
rCorr    .         Rampage  .   v - +2 pair of gloves
Will     .....                  (no boots)
Stlth    +.........             (no amulet)
HPRegen  0.20/turn              q - +6 ring of strength
MPRegen  0.12/turn              (no ring)

@: mighty
A: fangs 1, strong nose, distributed training
a: Renounce Religion


You were on level 5 of the Dungeon.
You worshipped Okawaru.
Okawaru was noncommittal.
You visited 2 branches of the dungeon, and saw 6 of its levels.

You collected 178 gold pieces.

Inventory:

Hand Weapons
 a - a +2 long sword (weapon)
Missiles
 l - 8 silver boomerangs (quivered)
Armour
 b - a +0 scale mail (worn)
 c - a +0 kite shield (worn)
 e - a +0 plate armour
 v - a +2 pair of gloves (worn)
Jewellery
 n - a ring of ice
 q - a +6 ring of strength (left hand)
 u - a ring of ice
Scrolls
 h - 3 scrolls of teleportation
 o - 2 scrolls of fog
 t - a scroll of fear
Potions
 i - 2 potions of curing {unknown}
 p - 2 potions of attraction {unknown}
 s - a potion of degeneration {unknown}
 w - a potion of haste {unknown}
 x - a potion of invisibility {unknown}
 z - a potion of magic {unknown}
 A - a potion of berserk rage {unknown}


   Skills:
 + Level 7.0 Fighting
 + Level 2.5 Short Blades
 + Level 5.2 Long Blades
 + Level 2.5 Axes
 + Level 2.5 Maces & Flails
 + Level 2.5 Polearms
 + Level 2.5 Staves
 + Level 2.5 Slings
 + Level 2.5 Bows
 + Level 2.5 Crossbows
 + Level 2.5 Throwing
 + Level 7.0 Armour
 + Level 2.5 Dodging
 + Level 2.5 Stealth
 + Level 7.0 Shields
 + Level 2.5 Unarmed Combat
 + Level 2.5 Spellcasting
 + Level 2.0 Conjurations
 + Level 2.0 Hexes
 + Level 2.0 Summonings
 + Level 2.0 Necromancy
 + Level 2.0 Translocations
 + Level 2.0 Transmutations
 + Level 2.0 Fire Magic
 + Level 2.0 Ice Magic
 + Level 2.0 Air Magic
 + Level 2.0 Earth Magic
 + Level 2.0 Poison Magic
 + Level 2.8 Invocations
 + Level 2.5 Evocations


You had 11 spell levels left.
You didn't know any spells.
Your spell library was empty.

Dungeon Overview and Level Annotations

Branches:
Dungeon (6/15)             Temple (1/1) D:6

Altars:
Ashenzari
Cheibriados
Dithmenos
Elyvilon
Fedhas
Hepliaklqana
Kikubaaqudgha
Makhleb
Nemelex Xobeh
Okawaru
Qazlal
Sif Muna
Trog
Uskayaw
Xom
Yredelemnul
Zin
The Shining One


Innate Abilities, Weirdness & Mutations

You have very sharp teeth.
Your uncanny sense of smell can sniff out nearby items.
Your experience applies equally to all skills.


Message History

The shadow imp closely misses you. The hound zombie completely misses you.
You riposte.
You slash the hound zombie!
The hound zombie is severely damaged.
You block the bullfrog skeleton's attack.
Unknown command.
You block the bullfrog skeleton's attack.
Unknown command.
Unknown command.
Your shield prevents you from hitting the hound zombie.
The hound zombie is severely damaged.
You hear the slow rusting of a drain nearby.
The hound zombie bites you.
* * * LOW HITPOINT WARNING * * *
The bullfrog skeleton hits you.
* * * LOW HITPOINT WARNING * * *
You block the bullfrog skeleton's attack.
You hit the shadow imp.
You kill the shadow imp!
Okawaru accepts your kill.
The bullfrog skeleton closely misses you.
Unknown command.
You slash the hound zombie!
You destroy the hound zombie!
Okawaru accepts your kill.
The bullfrog skeleton barely misses you.
You riposte.
You barely miss the bullfrog skeleton. You bite the bullfrog skeleton!
The bullfrog skeleton is severely damaged.
You block the bullfrog skeleton's attack.
The howler monkey skeleton completely misses you.
Unknown command.
You slice the howler monkey skeleton!!
You destroy the howler monkey skeleton!
Okawaru accepts your kill. The bullfrog skeleton hits you.
* * * LOW HITPOINT WARNING * * *
You block the bullfrog skeleton's attack.
Unknown command.
The bullfrog skeleton hits you.
You die...

#...>.###. ...
##.. .............
.. ...#
..#.##.....###..
..## # ##
......... .##...#
#.......# .....#
#.......###....#
.............###
#..........)...#
#..###....Z@#....#
#..###.# #..#
.....##.## .#
.....#...
......#..#
.........
###.#.... #...
g...


You could see a bullfrog skeleton.

Vanquished Creatures
  An ice beast (D:6)
  A black bear (D:6)
  An ogre (Temple)
  A scorpion (D:6)
  An orc priest (D:3)
  A gnoll shaman (D:5)
  A hound (D:5)
  A hound zombie (D:5)
  5 gnolls
  4 adders (D:2)
  A howler monkey skeleton (D:5)
  A shadow imp (D:5)
  A worm (D:2)
  3 dart slugs
  4 leopard geckos
  12 orcs
  14 bats
  4 giant cockroaches
  13 goblins
  5 hobgoblins
  A quokka (Temple)
  A ball python (D:2)
  6 frilled lizards
  6 kobolds
  6 rats
95 creatures vanquished.

Vanquished Creatures (others)
  A plant (D:5)
1 creature vanquished.

Grand Total: 96 creatures vanquished

Notes
Turn   | Place    | Note
-------+----------+-------------------------------------------
     0 | D:1      | HendSelp the Gnoll Fighter began the quest for the Orb.
     0 | D:1      | Reached XP level 1. HP: 23/23 MP: 1/1
    34 | D:1      | Reached XP level 2. HP: 24/29 MP: 2/2
   282 | D:1      | Reached XP level 3. HP: 35/35 MP: 3/3
   640 | D:1      | Reached skill level 1 in Invocations
   893 | D:2      | Reached skill level 1 in Short Blades
   893 | D:2      | Reached skill level 1 in Axes
   893 | D:2      | Reached skill level 1 in Maces & Flails
   893 | D:2      | Reached skill level 1 in Polearms
   893 | D:2      | Reached skill level 1 in Staves
   893 | D:2      | Reached skill level 1 in Slings
   893 | D:2      | Reached skill level 1 in Bows
   893 | D:2      | Reached skill level 1 in Crossbows
   893 | D:2      | Reached skill level 1 in Throwing
   893 | D:2      | Reached skill level 1 in Dodging
   893 | D:2      | Reached skill level 1 in Stealth
   893 | D:2      | Reached skill level 1 in Unarmed Combat
   893 | D:2      | Reached skill level 1 in Spellcasting
   893 | D:2      | Reached skill level 1 in Evocations
   971 | D:2      | Reached XP level 4. HP: 24/41 MP: 5/5
  1156 | D:2      | Reached skill level 1 in Conjurations
  1156 | D:2      | Reached skill level 1 in Hexes
  1156 | D:2      | Reached skill level 1 in Summonings
  1156 | D:2      | Reached skill level 1 in Necromancy
  1156 | D:2      | Reached skill level 1 in Translocations
  1156 | D:2      | Reached skill level 1 in Transmutations
  1156 | D:2      | Reached skill level 1 in Fire Magic
  1156 | D:2      | Reached skill level 1 in Ice Magic
  1156 | D:2      | Reached skill level 1 in Air Magic
  1156 | D:2      | Reached skill level 1 in Earth Magic
  1156 | D:2      | Reached skill level 1 in Poison Magic
  1209 | D:2      | Found a faded altar of an unknown god.
  1440 | D:2      | Found a basalt altar of Yredelemnul.
  1619 | D:2      | Reached XP level 5. HP: 47/47 MP: 5/7
  1671 | D:2      | Found a sparkling altar of Nemelex Xobeh.
  1678 | D:2      | Found a hazy altar of Hepliaklqana.
  2638 | D:3      | You fall into a shaft and drop 3 floors!
  2668 | D:6      | Reached XP level 6. HP: 32/53 MP: 8/8
  2918 | D:6      | Found a staircase to the Ecumenical Temple.
  2924 | D:6      | Noticed a black bear
  2952 | Temple   | Entered the Ecumenical Temple
  2960 | Temple   | Reached skill level 5 in Long Blades
  3050 | Temple   | Became a worshipper of Warmaster Okawaru
  3247 | D:6      | Killed a black bear
  3265 | D:6      | Noticed an ice beast
  3279 | D:6      | Killed an ice beast
  3280 | D:6      | Reached XP level 7. HP: 60/60 MP: 10/10
  3287 | D:5      | Entered Level 5 of the Dungeon
  3332 | D:5      | Slain by a bullfrog skeleton

Illustrated notes

Levels and vault maps discovered:
D:1:      nzn_arrival_crosshair, layout_loops_ring
D:2:      layout_basic, overflow_temple_1_default, lemuel_crystal_altar,
          chequers_ecumenical_altar_simple, nemelex_xobeh_ov_fountains_minmay
D:3:      layout_rooms, overflow_temple_1_default, minmay_curled_crystal
D:5:      layout_cave_pools, nicolae_ru_the_path_less_chosen, basic_altar,
          gup_sewer_entry_bubbles
D:6:      layout_basic, chequers_temple_overflow_statue_of_worship,
          temple_pool_b, nrook_campfire
Temple:   eino_temple_rhombus

Skill      XL: |  1  2  3  4  5  6  7 |
---------------+----------------------+-----
Invocations    | 1 2 |  2.8
Short Blades   | 1 2 |  2.5
Axes           | 1 2 |  2.5
Maces & Flails | 1 2 |  2.5
Polearms       | 1 2 |  2.5
Staves         | 1 2 |  2.5
Slings         | 1 2 |  2.5
Bows           | 1 2 |  2.5
Crossbows      | 1 2 |  2.5
Throwing       | 1 2 |  2.5
Dodging        | 1 2 |  2.5
Stealth        | 1 2 |  2.5
Unarmed Combat | 1 2 |  2.5
Spellcasting   | 1 2 |  2.5
Evocations     | 1 2 |  2.5
Conjurations   | 1 2 |  2.0
Hexes          | 1 2 |  2.0
Summonings     | 1 2 |  2.0
Necromancy     | 1 2 |  2.0
Translocations | 1 2 |  2.0
Transmutations | 1 2 |  2.0
Fire Magic     | 1 2 |  2.0
Ice Magic      | 1 2 |  2.0
Air Magic      | 1 2 |  2.0
Earth Magic    | 1 2 |  2.0
Poison Magic   | 1 2 |  2.0
Long Blades    | 5 |  5.2
Fighting       | 7 |  7.0
Armour         | 7 |  7.0
Shields        | 7 |  7.0

Action                   |  1- 3 |  4- 6 |  7- 9 || total
-------------------------+-------+-------+-------++-------
Melee: Long sword        |   100 |   161 |    30 ||   291
       Bite              |    11 |    20 |     5 ||    36
  Use: Scroll            |       |     6 |     5 ||    11
       Potion            |       |       |     1 ||     1
Armor: Scale mail        |    43 |    76 |    49 ||   168
Dodge: Dodged            |    33 |    59 |    40 ||   132
Block: Kite shield       |    65 |   119 |    50 ||   234
       Rpst.: Long sword |    11 |    22 |    11 ||    44

Table legend: (Time is in decaauts)
 A = Elapsed time spent in this place.
 B = Non-inter-level travel time spent in this place.
 C = Inter-level travel time spent in this place.
 D = Time resting spent in this place.
 E = Time spent auto-exploring this place.
 F = Levels seen in this place.
 G = Mean time per level.
                   A        B        C        D        E       F      G
               +--------+--------+--------+--------+--------+-----+--------+
         Total |   3431 |   3335 |     96 |    240 |   2386 |   6 |  571.8 |
       Dungeon |   3137 |   3071 |     66 |    240 |   2152 |   5 |  627.4 |
        Temple |    293 |    263 |     30 |      0 |    234 |   1 |  293.0 |
               +--------+--------+--------+--------+--------+-----+--------+

Top non-repeatable levels by time:
     D:2: 1073 daAuts
     D:1: 893 daAuts
     D:3: 747 daAuts
     D:6: 368 daAuts
  Temple: 293 daAuts
     D:5: 54 daAuts
